AoeStats
← Dropkick Goose

Arabia

509999522Analyzed
1v1 RM · 3d ago on Sep 29, 2026· 43m 42s· 2 players
Game mode
Random Map
Map size
Tiny (2 player)
Population
200
Speed
Normal
Resources
Standard
Victory
Conquest
Starting age
Dark Age
Ending age
Imperial Age
RankedLock teamsTeams togetherTeam positionsShared explorationLock speedFull tech treeHidden civsTurbo modeCheats
Victory
Defeat
🇯🇵 Romans · Japan
843
+13
🇺🇸 Lithuanians · United States
786
-28
Dropkick Goose
10:29 Feudal Age
11:59 Horse Collar
12:20 Double-Bit Axe
13:58 Wheelbarrow
16:32 Loom
25:43 Castle Age
23:30 Town Watch
23:51 Padded Archer Armor
23:42 Fletching
27:31 Bloodlines
27:23 Husbandry
31:02 Light Cavalry
31:42 Gold Mining
31:42 Stone Mining
31:55 Heavy Plow
32:07 Bow Saw
36:06 Scale Barding Armor
36:14 Thumb Ring
38:18 Stone Shaft Mining
38:18 Bodkin Arrow
39:42 Hand Cart
42:34 Forging
42:25 Scale Mail Armor
42:46 Chain Barding Armor
42:42 Leather Archer Armor
42:54 Ballistics
43:09 Murder Holes
ybozue
10:47 Feudal Age
11:24 Gold Mining
11:32 Horse Collar
11:23 Man-at-Arms
13:07 Loom
15:47 Wheelbarrow
18:52 Double-Bit Axe
22:32 Castle Age
21:07 Stone Mining
25:21 Bow Saw
24:48 Pikeman
25:40 Fletching
25:51 Padded Archer Armor
25:58 Squires
26:29 Town Watch
26:59 Elite Skirmisher
27:57 Leather Archer Armor
27:38 Bodkin Arrow
28:52 Hand Cart
30:15 Husbandry
30:26 Bloodlines
31:04 Scale Barding Armor
31:12 Forging
31:39 Heavy Plow
34:34 Bloodlines
38:00 Imperial Age
35:58 Town Patrol
37:07 Ballistics
36:57 Fortified Wall
38:21 Scale Barding Armor
38:53 Iron Casting
38:18 Scale Mail Armor
38:28 Ballistas
40:14 Chemistry
39:10 Murder Holes
39:16 Heavy Scorpion
40:21 Conscription
41:48 Fervor
41:52 Halberdier
43:41 Onager
Connection lost

Rejoining the realm…

Still unreachable

The connection could not be restored.

Session expired

The server has moved on; the page needs a fresh start.